 Dungeon Crawl Stone Soup version 0.27-a0-1193-g8631133539 (webtiles) character file.

Game seed: 7514911785558467470

176 bande the Shield-Bearer (level 5, -1/33 HPs)
             Began as a Gargoyle Fighter on May 26, 2021.
             Slain by Sigmund
             ... wielding a +0 scythe
              (8 damage)
             ... on level 5 of the Dungeon.
             The game lasted 00:08:27 (3563 turns).

bande the Shield-Bearer (Gargoyle Fighter)          Turns: 3563, Time: 00:08:27

Health: -1/33      AC: 17    Str: 19    XL:     5   Next: 56%
Magic:  5/5        EV:  3    Int:  9    God:
Gold:   65         SH:  9    Dex: 10    Spells: 4/4 levels left

rFire    . . .     SeeInvis .   a - +0 war axe
rCold    . . .     Faith    .   c - +0 kite shield
rNeg     + + .     Spirit   .   e - +0 plate armour
rPois    ∞         Reflect  .   (no helmet)
rElec    +         Harm     .   h - +0 cloak
rCorr    .         Rampage  .   (no gloves)
Will     .....                  (no boots)
Stlth    ..........             (no amulet)
HPRegen  0.11/turn              f - ring of positive energy
MPRegen  0.09/turn              (no ring)

@: mighty
A: sickness immunity, AC +4, negative energy resistance 1, electricity
resistance, torment resistance 1, petrification resistance, claws 1
a: no special abilities


You were on level 5 of the Dungeon.
You visited 1 branch of the dungeon, and saw 5 of its levels.

You collected 221 gold pieces.
You spent 156 gold pieces at shops.

Inventory:

Hand Weapons
 a - a +0 war axe (weapon)
 i - a +0 flail
Armour
 c - a +0 kite shield (worn)
 e - a +0 plate armour (worn)
 h - a +0 cloak (worn)
Jewellery
 f - a ring of positive energy (left claw)
Scrolls
 b - a scroll of blinking
 g - a scroll of teleportation {unknown}
Potions
 d - a potion of might


   Skills:
 + Level 3.8 Fighting
 + Level 3.4 Axes
 + Level 4.1 Armour
 + Level 0.2 Dodging
 + Level 4.4 Shields


You had 4 spell levels left.
You didn't know any spells.
Your spell library contained the following spells:

 Spells                   Type           Power      Damage    Failure   Level
 Animate Skeleton         Necr           0%         N/A       100%        1
 Apportation              Tloc           0%         N/A       100%        1
 Corona                   Hex            0%         N/A       100%        1
 Summon Small Mammal      Summ           0%         N/A       100%        1


Dungeon Overview and Level Annotations

Branches:
Dungeon (5/15)
 Temple: D:4-7

Altars:
Dithmenos
Hepliaklqana
Sif Muna

Shops:
D:1 *   D:2 *   D:3 !   D:4 *

Annotations:
D:5 Sigmund


Innate Abilities, Weirdness & Mutations

You are immune to sickness and miasma.
Your stone body is resilient. (AC +4)
You are immune to poison.
You resist negative energy. (rN+)
You are resistant to electric shocks. (rElec)
You are resistant to unholy torment.
You are immune to petrification.
You have sharp fingernails.


Message History

Found four items.
Found a stone staircase leading up.
There is a stone staircase leading up here.
A dart slug is nearby!
You hit the dart slug but do no damage.
The dart slug bites you but does no damage.
You slash the dart slug!
You kill the dart slug!
No target in view!
No target in view!
No target in view!
No target in view!
No target in view!
You see here a dart slug corpse.
There is a stone staircase leading up here.
You now have 65 gold pieces (gained 17).
Found a stone staircase leading down.
Sigmund the Dreaded comes into view.
He is wielding a +0 scythe.
Sigmund hits you from afar with a +0 scythe!
Sigmund barely misses you.
You feel very mighty all of a sudden. Sigmund hits you with a +0 scythe.
Your shield and plate armour prevent you from hitting Sigmund.
Sigmund hits you with a +0 scythe!
You closely miss Sigmund. You block Sigmund's attack.
Sigmund hits you but does no damage.
You slice Sigmund!!
Sigmund is severely wounded.
Sigmund points at himself and mumbles some strange words.
Sigmund flickers and vanishes!
Deactivating autopickup; reactivate with Ctrl-A.
You closely miss something. Something hits you but does no damage.
Something hits you!
* * * LOW HITPOINT WARNING * * *
You miss something. You block something's attack.
You miss something. Something hits you but does no damage.
You hear some strange, mumbled words.
A puff of flame appears from out of thin air!
The puff of flame hits you but does no damage.
You closely miss something. Something hits you!
You die...

#. #.# #..# #. #.#
#.## ###.##.# #####
#.# .....#.# ##...##
#.# #..#.##
#.###.###.#
#.....####.# #.....#
#..........###.###.#
...>#...#####...##
#.# # ##@## #####
#.# #..{# #.#
#.$...# ..#
#........ ###
##.....### ##...##
##.## ###


There were no monsters in sight!

Vanquished Creatures
  A centaur skeleton (D:4)
  A hound (D:4)
  2 adders (D:4)
  2 howler monkey skeletons (D:4)
  A worm (D:2)
  2 dart slugs
  5 orcs
  7 ball pythons
  3 bats
  4 endoplasms (D:1)
  A giant cockroach (D:3)
  3 goblins
  3 hobgoblins
  7 jackals
  9 kobolds
  3 quokkas
  8 frilled lizards
  4 rats (D:1)
66 creatures vanquished.

Notes
Turn   | Place    | Note
-------+----------+-------------------------------------------
     0 | D:1      | bande the Gargoyle Fighter began the quest for the Orb.
     0 | D:1      | Reached XP level 1. HP: 14/14 MP: 1/1
    37 | D:1      | Found Tiufuom's General Store.
   129 | D:1      | Reached XP level 2. HP: 17/19 MP: 2/2
   518 | D:1      | Found a faded altar of an unknown god.
  1004 | D:1      | Reached XP level 3. HP: 23/23 MP: 3/3
  1592 | D:2      | Found Ficryj's Assorted Antiques.
  2025 | D:3      | Found Poicw's Distillery.
  2111 | D:2      | Reached XP level 4. HP: 22/28 MP: 4/4
  2187 | D:3      | Bought a potion of degeneration for 12 gold pieces
  2192 | D:3      | Bought a potion of might for 48 gold pieces
  2417 | D:3      | Found a shadowy altar of Dithmenos.
  2417 | D:3      | Found a hazy altar of Hepliaklqana.
  2419 | D:3      | Noticed a shadow
  2420 | D:3      | Found a shimmering blue altar of Sif Muna.
  2647 | D:4      | Found Nimamuom's General Store.
  2884 | D:4      | Reached XP level 5. HP: 25/33 MP: 5/5
  3081 | D:4      | Gained mutation: Your magical capacity is low. (-10% MP)
                  | [potion of mutation]
  3409 | D:4      | Bought a potion of mutation for 96 gold pieces
  3409 | D:4      | Lost mutation: Your magical capacity is low. (-10% MP)
                  | [potion of mutation]
  3409 | D:4      | Gained mutation: You have sharp fingernails. [potion of
                  | mutation]
  3443 | D:5      | Entered Level 5 of the Dungeon
  3443 | D:5      | Found the +2 hat of the Bear Spirit {Spirit, +Rage rN+
                  | Will++}
  3554 | D:5      | Noticed Sigmund
  3563 | D:5      | Slain by Sigmund

Illustrated notes

Levels and vault maps discovered:
D:1:      grunt_arrival_crossed_arrows, layout_basic, serial_shops, shop,
          hellmonk_ecumenical_altar_zigzags
D:2:      layout_rooms, serial_shops, shop
D:3:      layout_basic, riverfiend_overflow_shadow_ancestor,
          general_overflow_altar, serial_shops, nicolae_shop_crystal,
          eino_curves_03
D:4:      layout_basic, serial_shops, shop, chequers_serial_rivers_small_3,
          corexii_leaking_fountain
D:5:      layout_loops_ring, uniq_sigmund

Skill      XL: |  1  2  3  4 |
---------------+-------------+-----
Axes           | 2 3 |  3.4
Armour         | 4 |  4.1
Shields        | 4 |  4.4
Fighting       | |  3.8
Dodging        | |  0.2

Action                   |  1- 3 |  4- 6 || total
-------------------------+-------+-------++-------
Melee: War axe           |   149 |    78 ||   227
  Use: Scroll            |     3 |     4 ||     7
       Potion            |     1 |     5 ||     6
Armor: Scale mail        |    90 |    19 ||   109
       Plate armour      |       |    40 ||    40
Dodge: Dodged            |    50 |    11 ||    61
Block: Kite shield       |    99 |    48 ||   147

Table legend: (Time is in decaauts)
 A = Elapsed time spent in this place.
 B = Non-inter-level travel time spent in this place.
 C = Inter-level travel time spent in this place.
 D = Time resting spent in this place.
 E = Time spent auto-exploring this place.
 F = Levels seen in this place.
 G = Mean time per level.
                   A        B        C        D        E       F      G
               +--------+--------+--------+--------+--------+-----+--------+
         Total |   3707 |   3584 |    123 |    538 |   2247 |   5 |  741.4 |
       Dungeon |   3707 |   3584 |    123 |    538 |   2247 |   5 |  741.4 |
               +--------+--------+--------+--------+--------+-----+--------+

Top non-repeatable levels by time:
     D:1: 1456 daAuts
     D:4: 826 daAuts
     D:2: 729 daAuts
     D:3: 571 daAuts
     D:5: 123 daAuts
